 Dungeon Sprint DCSS version 0.23.0-3-gf3c87f2 (webtiles) character file.

Game seed: 5929337009040434298

107414 nuthulu the Wrestler (level 16, -5/192 HPs)
             Began as a Troll Monk on Feb 20, 2019.
             Was the Champion of Yredelemnul.
             Slain by a ghoul (6 damage)
             ... in the Dungeon (Sprint VII: "The Pits").
             The game lasted 00:26:17 (3195 turns).

nuthulu the Wrestler (Troll Monk)                   Turns: 3195, Time: 00:26:17

Health: -5/192     AC: 39    Str: 32    XL:     16   Next: 0%
Magic:  24/26      EV: 19    Int:  9    God:    Yredelemnul [******]
Gold:   81         SH:  5    Dex: 12    Spells: 15/15 levels left

rFire    + . .     SeeInvis .     - Unarmed
rCold    + . .     Gourm    +   (no shield)
rNeg     . . .     Faith    .   E - +10 gold dragon scales
rPois    +         Spirit   .   G - +2 hat {Int+3}
rElec    .         Reflect  +   D - +2 cloak
rCorr    .         Harm     .   (gloves unavailable)
MR       +....     NoTele   +   (boots unavailable)
Stlth    ..........             H - amulet "Mearphes" {Reflect Str+4 SH+5}
HPRegen  0.82/turn              C - ring of poison resistance
MPRegen  0.20/turn              J - +6 ring of evasion

@: slowed, very slow
A: large, unfitting armour, beak, claws 3, fast metabolism 3, gourmand,
regeneration 1, shaggy fur 1, tough skin 3
a: Recall Undead Slaves, Injury Mirror, Animate Dead, Drain Life, Enslave Soul,
Renounce Religion


You were in the Dungeon.
You worshipped Yredelemnul.
Yredelemnul was exalted by your worship.
You were not hungry.

You visited 1 branch You collected 81 gold pieces.

Inventory:

Armour
 D - a +2 cloak (worn)
 E - +10 gold dragon scales (worn)
 G - a +2 hat of intelligence (worn)
Jewellery
 o - the ring "Mirepsei" {+Fly rN+ Str+4 Int+3}
   (You found it in the Dungeon)

   [ring of intelligence]

   It affects your strength (+4).
   It affects your intelligence (+3).
   It protects you from negative energy.
   It lets you fly.
 p - a +3 ring of dexterity
 A - an uncursed ring of ice
 C - a ring of poison resistance (left claw)
 H - the amulet "Mearphes" (around neck) {Reflect Str+4 SH+5}
   (You found it in the Dungeon)

   [amulet of reflection]

   It shields you and reflects attacks.
   It affects your strength (+4).
   It affects your SH (+5).
 J - a +6 ring of evasion (right claw)
 K - a +3 ring of slaying
 L - an uncursed ring of wizardry
Wands
 m - a wand of flame (22)
 y - a wand of paralysis (11)
 z - a wand of disintegration (12)
 B - a wand of random effects (12)
Scrolls
 a - a scroll of magic mapping
 h - 4 scrolls of blinking
 j - 6 scrolls of remove curse
 k - 5 scrolls of amnesia
 l - a scroll of summoning
 t - 4 scrolls of identify
 u - 8 scrolls of enchant weapon
 v - 5 scrolls of fog
 x - 2 scrolls of fear
 I - 3 scrolls of enchant armour
Potions
 c - 13 potions of curing
 d - 6 potions of heal wounds
 e - 5 potions of haste
 f - 6 potions of magic
 g - 3 potions of berserk rage
 i - 2 potions of invisibility
 n - a potion of flight
 q - 5 potions of agility
 r - 2 potions of resistance
 s - 2 potions of brilliance
 w - 5 potions of might
Comestibles
 b - 10 rations


   Skills:
 + Level 20.1 Fighting
 + Level 14.5 Armour
 + Level 20.1 Dodging
 - Level 1.0 Stealth
 + Level 23.1 Unarmed Combat
 - Level 15.3 Invocations


You had 15 spell levels left.
You didn't know any spells.
Your spell library was empty.

Dungeon Overview and Level Annotations

Branches:
Dungeon (1/1)

Altars:
Ashenzari
Cheibriados
Dithmenos
Elyvilon
Fedhas
Gozag
Hepliaklqana
Kikubaaqudgha
Makhleb
Nemelex Xobeh
Okawaru
Qazlal
Ru
Sif Muna
Trog
Uskayaw
Vehumet
Wu Jian
Xom
Yredelemnul
Zin
The Shining One
Beogh
Jiyva
Lugonu

Annotations:
D Louise


Innate Abilities, Weirdness & Mutations

You are too large for most types of armour.
You have claws for hands.
Your metabolism is lightning-fast.
You like to eat raw meat.
Your natural rate of healing is unusually fast.
You are covered in fur. (AC +1)
You have extremely tough skin. (AC +3)
You have a beak for a mouth.


Message History

Your skeletal warrior hits the blizzard demon with a +0 glaive!
The blizzard demon dies!
Yredelemnul accepts your kill.
You have reached level 16!
Louise hits you but does no damage. Space bends around you.
* * * LOW HITPOINT WARNING * * *
Your phantasmal warrior barely misses the dire elephant.
Something barely misses your phantasmal warrior.
The ice devil misses your profane servitor.
The Brimstone Fiend hits your fire dragon zombie!!
The Brimstone Fiend hits your fire dragon zombie. x2
Your bone dragon bites the rust devil!
Your bone dragon claws the rust devil but does no damage.
Your bone dragon tramples the rust devil but does no damage.
The ice dragon closely misses your profane servitor.
The ice dragon claws your profane servitor but does no damage.
The ice dragon tramples your profane servitor.
Your profane servitor holds its ground!
The ghoul claws you.
You die...
Your body rises from the dead as a mindless zombie.

...#..##''#''#''#''#''#''
......##..'..'..'..'..'[[
......##..'..'..'..'..'[[
...#..##''#''#''#''#''#''
......##..'..'..'.†'(.'..
.)....##..'..'..'WA(D4D.. +
)..#.W##''#''#'D#@Y#A4#'(#nJ#++#
..)...[').'..'.)AnHe2)[))'.&).W+
)))).))').'..'.z@Z1C31)).'z21..+
####')##########################
####''###########################
..##......DZ...Z....(..(.........
#[##(..(.((........Z.((...[......
'.##(.##############)(###########
#.##..#))'...'))#..ZZ.)..#[['n..'
))##..#))#.Wn#))#...Z....#[[#ZZ.#
#.##..####ZzZ#######AZ#######..Z#


You could see a ghoul, a dire elephant, a golden dragon, Louise, a Brimstone
Fiend, an Ice Fiend, an ice dragon, a sphinx, a stone giant, a balrug, a cherub,
a soul eater, a deep elf demonologist, an ice devil, a rust devil, a friendly
bone dragon, 2 friendly profane servitors, a friendly skeletal warrior, a
friendly phantasmal warrior and a friendly fire dragon zombie.

Vanquished Creatures
  Khufu (D)
  A golden dragon (D)
  A bone dragon (D)
  A quicksilver dragon (D)
  A titan (D)
  A shadow dragon (D)
  A ghost moth (D)
  2 orc warlords (D)
  2 war gargoyles (D)
  An ophan (D)
  A dire elephant (D)
  An ettin (D)
  A yaktaur captain (D)
  A fire dragon (D)
  A hydra (D)
  A vault guard (D)
  An alligator (D)
  Nergalle (D)
  A skeletal warrior (D)
  A swamp dragon (D)
  2 cherubim (D)
  An orc knight (D)
  An orc sorcerer (D)
  An ugly thing (D)
  An elephant (D)
  3 spiny frogs (D)
  A yaktaur (D)
  2 komodo dragons (D)
  An ice devil (D)
  2 blink frogs (D)
  A slime creature (D)
  A flying skull (D)
  A redback (D)
  A ynoxinul (D)
  A yak (D)
  A wyvern (D)
  An acid dragon (D)
  A floating eye (D)
  A soldier ant (D)
  A necrophage (D)
  3 centaurs (D)
  A crocodile (D)
  Dowan (D)
  An orc priest (D)
  An orc wizard (D)
  A gnoll (D)
  An adder (D)
  4 river rats (D)
  3 orcs (D)
  A bat simulacrum (D)
  A jackal skeleton (D)
  A kobold (D)
66 creatures vanquished.

Vanquished Creatures (collateral kills)
  An ancient lich (D)
  Dispater (D)
  2 greater mummies (D)
  A curse toe (D)
  the Lernaean hydra (D)
  A bone dragon (D)
  A lich (D)
  A tentacled monstrosity (D)
  A deep elf blademaster (D)
  Polyphemus (D)
  A deep elf master archer (D)
  An acid blob (D)
  2 death cobs (D)
  2 shadow dragons (D)
  3 nagarajas (D)
  A daeva (D)
  A draconian knight (D)
  An orc warlord (D)
  A frost giant (D)
  A ghost moth (D)
  A fire giant (D)
  A draconian scorcher (D)
  3 ghouls (D)
  A balrug (D)
  An emperor scorpion (D)
  2 ophanim (D)
  2 apis (D)
  A stone giant (D)
  A spriggan defender (D)
  4 dire elephants (D)
  A green draconian (D)
  2 lorocyprocas (D)
  A white draconian (D)
  An eidolon (D)
  A minotaur (D)
  A red draconian (D)
  2 blizzard demons (D)
  2 deep elf death magi (D)
  A yaktaur captain (D)
  2 green deaths (D)
  2 fire dragons (D)
  A merfolk javelineer (D)
  2 deep elf high priests (D)
  3 naga warriors (D)
  A spriggan air mage (D)
  3 catoblepae (D)
  11 hydras (D)
  4 ice dragons (D)
  A centaur warrior (D)
  A merfolk aquamancer (D)
  2 anacondas (D)
  An ogre mage (D)
  A death knight (D)
  A dancing weapon (D)
  2 vampire magi (D)
  An orc high priest (D)
  3 deep elf knights (D)
  A spriggan berserker (D)
  A sixfirhy (D)
  A sun demon (D)
  4 fire crabs (D)
  7 hell knights (D)
  An iron troll (D)
  A large abomination (D)
  A deep troll (D)
  2 skeletal warriors (D)
  A sea snake (D)
  A spriggan druid (D)
  2 wizards (D)
  2 unseen horrors (D)
  A flayed ghost (D)
  2 cherubim (D)
  5 swamp dragons (D)
  2 necromancers (D)
  10 orc knights (D)
  3 lindwurms (D)
  An orc sorcerer (D)
  6 elephants (D)
  An elephant (shapeshifter) (D)
  A moth of wrath (D)
  A guardian serpent (D)
  A black mamba (D)
  4 naga magi (D)
  An orange demon (D)
  3 spiny frogs (D)
  6 yaktaurs (D)
  3 rime drakes (D)
  An efreet (D)
  4 komodo dragons (D)
  3 hellwings (D)
  A troll (D)
  4 merfolk (D)
  2 hornets (D)
  A wind drake (D)
  A blink frog (D)
  13 dream sheep (D)
  A snapping turtle (D)
  Sigmund (D)
  An air elemental (D)
  A spriggan (D)
  A shadow (D)
  2 tarantellas (D)
  2 redbacks (D)
  3 water elementals (D)
  3 wyverns (D)
  A hungry ghost (D)
  A wraith (D)
  5 basilisks (D)
  5 steam dragons (D)
  2 yaks (D)
  A chaos spawn (D)
  3 acid dragons (D)
  A warg (D)
  Duvessa (D)
  4 swamp drakes (D)
  A sky beast (D)
  An eye of draining (D)
  An ice beast (D)
  6 orc warriors (D)
  2 ogres (D)
  An earth elemental (D)
  3 crimson imps (D)
  A quasit (D)
  2 orc wizards (D)
  A mummy (D)
  An adder (D)
  An adder zombie (D)
  An adder skeleton (D)
  A worm (D)
  9 orcs (D)
  A bat zombie (D)
  A giant cockroach (D)
  A leopard gecko simulacrum (D)
  A quokka skeleton (D)
  2 crawling corpses (D)
279 creatures vanquished.

Vanquished Creatures (others)
  4 profane servitors (D)
  3 bone dragons (D)
  An acid blob (D)
  11 ghouls (D)
  10 vampire knights (D)
  A titan zombie (D)
  16 skeletal warriors (D)
  A ghost moth zombie (D)
  An anaconda zombie (D)
  11 flayed ghosts (D)
  15 phantasmal warriors (D)
  2 dire elephant zombies (D)
  A white draconian zombie (D)
  A catoblepas zombie (D)
  A rime drake (D)
  An emperor scorpion zombie (D)
  A green draconian zombie (D)
  An iron troll zombie (D)
  2 redback zombies (D)
  2 spriggan zombies (D)
  6 hydra zombies (D)
  7 ghoul skeletons (D)
  4 merfolk zombies (D)
  An ice dragon zombie (D)
  2 fire dragon zombies (D)
  A guardian serpent zombie (D)
  A black mamba zombie (D)
  A water elemental (D)
  A tarantella zombie (D)
  6 flying skulls (D)
  18 vampires (D)
  4 elf zombies (D)
  A wind drake zombie (D)
  5 wraiths (D)
  10 human zombies (D)
  A deep troll zombie (D)
  2 acid dragons (D)
  3 spiny frog zombies (D)
  3 elephant zombies (D)
  A hornet zombie (D)
  2 blink frog zombies (D)
  2 swamp dragon zombies (D)
  A snapping turtle zombie (D)
  7 dream sheep zombies (D)
  2 rime drake zombies (D)
  A fire crab zombie (D)
  3 komodo dragon zombies (D)
  5 yaktaur zombies (D)
  2 wyvern zombies (D)
  2 yak zombies (D)
  2 naga zombies (D)
  A troll skeleton (D)
  2 wights (D)
  A centaur zombie (D)
  A basilisk zombie (D)
  A centaur skeleton (D)
  5 acid dragon zombies (D)
  A crocodile zombie (D)
  2 ogre zombies (D)
  3 swamp drake zombies (D)
  4 steam dragon zombies (D)
  An adder zombie (D)
  16 orc zombies (D)
  2 river rat zombies (D)
233 creatures vanquished.

Grand Total: 578 creatures vanquished

Notes
Turn   | Place    | Note
-------+----------+-------------------------------------------
     0 | D        | nuthulu the Troll Monk began the quest for the Orb.
     0 | D        | Reached XP level 1. HP: 22/22 MP: 0/0
     8 | D        | Noticed a floating eye
    11 | D        | Paralysed by a floating eye for 3 turns
    14 | D        | Killed a floating eye
    14 | D        | Reached skill level 5 in Dodging
    14 | D        | Reached skill level 6 in Unarmed Combat
    14 | D        | Reached XP level 2. HP: 33/33 MP: 1/1
    14 | D        | Reached XP level 3. HP: 41/41 MP: 2/2
    14 | D        | Reached XP level 4. HP: 49/49 MP: 3/3
    19 | D        | Found a bloodstained altar of Trog.
    19 | D        | Found a deep blue altar of Sif Muna.
    19 | D        | Found a viscous altar of Jiyva.
    19 | D        | Found a hazy altar of Hepliaklqana.
    19 | D        | Found an opulent altar of Gozag.
    20 | D        | Found a glowing golden altar of the Shining One.
    20 | D        | Found a glowing silver altar of Zin.
    20 | D        | Found a basalt altar of Yredelemnul.
    20 | D        | Found a shimmering altar of Xom.
    20 | D        | Found an ornate altar of the Wu Jian Council.
    20 | D        | Found a sacrificial altar of Ru.
    20 | D        | Found a stormy altar of Qazlal.
    20 | D        | Found an iron altar of Okawaru.
    20 | D        | Found a sparkling altar of Nemelex Xobeh.
    20 | D        | Found a burning altar of Makhleb.
    20 | D        | Found a blossoming altar of Fedhas.
    20 | D        | Found a white marble altar of Elyvilon.
    20 | D        | Found a shadowy altar of Dithmenos.
    20 | D        | Found a snail-covered altar of Cheibriados.
    21 | D        | Found a radiant altar of Vehumet.
    21 | D        | Found a corrupted altar of Lugonu.
    21 | D        | Found a roughly hewn altar of Beogh.
    22 | D        | Found a hide-covered altar of Uskayaw.
    22 | D        | Found an ancient bone altar of Kikubaaqudgha.
    22 | D        | Found a shattered altar of Ashenzari.
    26 | D        | Became a worshipper of Yredelemnul the Dark
    26 | D        | Reached * piety under Yredelemnul
    26 | D        | Reached ** piety under Yredelemnul
    67 | D        | Reached skill level 5 in Fighting
   102 | D        | Noticed a flying skull
   112 | D        | Reached *** piety under Yredelemnul
   112 | D        | Reached XP level 5. HP: 57/57 MP: 2/4
   120 | D        | Killed a flying skull
   120 | D        | Reached skill level 8 in Unarmed Combat
   120 | D        | Reached XP level 6. HP: 58/68 MP: 3/5
   121 | D        | Received a gift from Yredelemnul (a wight)
   218 | D        | Reached **** piety under Yredelemnul
   224 | D        | Reached skill level 1 in Invocations
   225 | D        | Received a gift from Yredelemnul (a wight)
   225 | D        | Received a gift from Yredelemnul (2 flying skulls)
   238 | D        | Received a gift from Yredelemnul (a wraith)
   257 | D        | Reached ***** piety under Yredelemnul
   257 | D        | Reached skill level 9 in Unarmed Combat
   257 | D        | Reached XP level 7. HP: 58/78 MP: 6/8
   257 | D        | Received a gift from Yredelemnul (a wraith)
   312 | D        | Noticed a hungry ghost
   322 | D        | Killed a hungry ghost
   332 | D        | Noticed a spiny frog
   337 | D        | Killed a spiny frog
   337 | D        | Reached skill level 10 in Unarmed Combat
   337 | D        | Reached skill level 5 in Invocations
   425 | D        | Received a gift from Yredelemnul (a wraith)
   432 | D        | Reached XP level 8. HP: 88/88 MP: 10/10
   445 | D        | Received a gift from Yredelemnul (a vampire)
   449 | D        | Noticed Dowan
   449 | D        | Noticed a troll
   450 | D        | Noticed Duvessa
   459 | D        | Killed Duvessa
   464 | D        | Killed Dowan
   464 | D        | Received a gift from Yredelemnul (a vampire)
   464 | D        | Received a gift from Yredelemnul (a phantasmal warrior)
   467 | D        | Killed a troll
   539 | D        | Gained mutation: You have a beak for a mouth. [potion of
                  | mutation]
   595 | D        | Noticed a dream sheep
   595 | D        | Noticed a dream sheep
   595 | D        | Noticed a dream sheep
   595 | D        | Noticed a dream sheep
   595 | D        | Noticed a dream sheep
   595 | D        | Noticed a dream sheep
   595 | D        | Noticed a spiny frog
   602 | D        | Killed a dream sheep
   604 | D        | Killed a dream sheep
   604 | D        | Killed a dream sheep
   605 | D        | Received a gift from Yredelemnul (4 flying skulls)
   605 | D        | Killed a dream sheep
   605 | D        | Reached skill level 11 in Unarmed Combat
   606 | D        | Reached ****** piety under Yredelemnul
   607 | D        | Received a gift from Yredelemnul (a vampire)
   609 | D        | Killed a spiny frog
   609 | D        | Reached XP level 9. HP: 55/99 MP: 11/13
   666 | D        | Noticed an orc sorcerer
   668 | D        | Noticed an orc sorcerer
   673 | D        | Reached skill level 10 in Fighting
   673 | D        | Reached skill level 10 in Dodging
   674 | D        | Noticed an orc high priest
   675 | D        | Noticed a hellwing
   689 | D        | Killed an orc sorcerer
   690 | D        | Received a gift from Yredelemnul (a wraith)
   691 | D        | Reached skill level 12 in Unarmed Combat
   695 | D        | Noticed a hellwing
   699 | D        | Killed an orc high priest
   707 | D        | Received a gift from Yredelemnul (a wraith)
   707 | D        | Received a gift from Yredelemnul (a vampire knight)
   709 | D        | Killed an orc sorcerer
   722 | D        | Reached XP level 10. HP: 65/111 MP: 12/15
   731 | D        | Noticed a spiny frog
   735 | D        | Killed a spiny frog
   736 | D        | Received a gift from Yredelemnul (a vampire)
   737 | D        | Noticed an orc knight
   739 | D        | Noticed a spiny frog
   741 | D        | Killed an orc knight
   744 | D        | Killed a spiny frog
   752 | D        | Noticed a death cob
   752 | D        | Noticed an anaconda
   753 | D        | Noticed a flayed ghost
   761 | D        | Killed a death cob
   761 | D        | Reached skill level 13 in Unarmed Combat
   762 | D        | Received a gift from Yredelemnul (a phantasmal warrior)
   762 | D        | Received a gift from Yredelemnul (a vampire)
   773 | D        | Killed an anaconda
   773 | D        | Reached skill level 10 in Invocations
   775 | D        | Killed a flayed ghost
   776 | D        | Received a gift from Yredelemnul (a skeletal warrior)
   819 | D        | Noticed a seven-headed hydra
   832 | D        | Killed a seven-headed hydra
   832 | D        | Received a gift from Yredelemnul (a vampire knight)
   835 | D        | Received a gift from Yredelemnul (a skeletal warrior)
   868 | D        | Noticed Sigmund
   868 | D        | Noticed a sea snake
   871 | D        | Noticed a black mamba
   871 | D        | Noticed a guardian serpent
   872 | D        | Noticed an elephant
   880 | D        | Received a gift from Yredelemnul (a vampire)
   892 | D        | Killed Sigmund
   892 | D        | Killed a sea snake
   893 | D        | Received a gift from Yredelemnul (a ghoul)
   893 | D        | Received a gift from Yredelemnul (a flayed ghost)
   895 | D        | Killed a guardian serpent
   895 | D        | Reached XP level 11. HP: 55/123 MP: 15/18
   895 | D        | Reached skill level 14 in Unarmed Combat
   899 | D        | Received a gift from Yredelemnul (a vampire)
  1117 | D        | Received a gift from Yredelemnul (a vampire)
  1170 | D        | Noticed a fire crab
  1182 | D        | Received a gift from Yredelemnul (a skeletal warrior)
  1184 | D        | Received a gift from Yredelemnul (a profane servitor)
  1184 | D        | Received a gift from Yredelemnul (a vampire)
  1189 | D        | Killed a fire crab
  1201 | D        | Noticed a minotaur
  1213 | D        | Killed a minotaur
  1214 | D        | Received a gift from Yredelemnul (a skeletal warrior)
  1214 | D        | Received a gift from Yredelemnul (a flayed ghost)
  1227 | D        | Noticed a deep troll
  1234 | D        | Killed a deep troll
  1247 | D        | Noticed a fire crab
  1247 | D        | Noticed a wizard
  1253 | D        | Killed a fire crab
  1254 | D        | Killed an unseen horror
  1259 | D        | Killed a wizard
  1273 | D        | Noticed a daeva
  1273 | D        | Noticed a nagaraja
  1273 | D        | Noticed a deep elf master archer
  1273 | D        | Noticed an ancient lich
  1273 | D        | Noticed an ogre mage
  1286 | D        | Killed a deep elf master archer
  1286 | D        | Killed an ogre mage
  1286 | D        | Reached skill level 15 in Unarmed Combat
  1287 | D        | Received a gift from Yredelemnul (a vampire)
  1287 | D        | Killed a daeva
  1287 | D        | Killed a nagaraja
  1289 | D        | Killed a wizard
  1289 | D        | Killed a deep elf high priest
  1290 | D        | Received a gift from Yredelemnul (a flayed ghost)
  1290 | D        | Received a gift from Yredelemnul (a skeletal warrior)
  1294 | D        | Killed a deep elf death mage
  1295 | D        | Received a gift from Yredelemnul (a vampire)
  1295 | D        | Noticed a deep elf death mage
  1296 | D        | Noticed a vampire mage
  1298 | D        | Reached XP level 12. HP: 123/136 MP: 17/20
  1300 | D        | Killed a deep elf death mage
  1300 | D        | Killed a vampire mage
  1301 | D        | Received a gift from Yredelemnul (a profane servitor)
  1304 | D        | Killed an ancient lich
  1304 | D        | Reached skill level 16 in Unarmed Combat
  1305 | D        | Received a gift from Yredelemnul (a flayed ghost)
  1310 | D        | Killed a green draconian knight
  1349 | D        | Killed a lich
  1350 | D        | Received a gift from Yredelemnul (a flayed ghost)
  1407 | D        | Noticed an orc warlord
  1408 | D        | Noticed an orc warlord
  1410 | D        | Noticed a centaur warrior
  1427 | D        | Killed an orc warlord
  1432 | D        | Killed a centaur warrior
  1434 | D        | Killed an orc warlord
  1434 | D        | Received a gift from Yredelemnul (a vampire knight)
  1442 | D        | Reached skill level 17 in Unarmed Combat
  1526 | D        | Noticed a naga warrior
  1527 | D        | Noticed a yaktaur captain
  1535 | D        | Noticed a naga warrior
  1536 | D        | Received a gift from Yredelemnul (a vampire knight)
  1538 | D        | Killed a yaktaur captain
  1540 | D        | Reached XP level 13. HP: 134/148 MP: 22/22
  1544 | D        | Received a gift from Yredelemnul (a vampire)
  1544 | D        | Received a gift from Yredelemnul (a ghoul)
  1619 | D        | Found the +8 orange crystal plate armour {Archmagi, Int+3
                  | Clar}
  1649 | D        | Received a gift from Yredelemnul (a skeletal warrior)
  1651 | D        | Reached skill level 15 in Fighting
  1651 | D        | Reached skill level 15 in Dodging
  1654 | D        | Received a gift from Yredelemnul (a bone dragon)
  1657 | D        | Received a gift from Yredelemnul (a vampire knight)
  1657 | D        | Received a gift from Yredelemnul (a flayed ghost)
  1660 | D        | Reached skill level 15 in Invocations
  1661 | D        | Received a gift from Yredelemnul (a ghoul)
  1661 | D        | Received a gift from Yredelemnul (a phantasmal warrior)
  1678 | D        | Found the +11 plutonium sword {*Contam Stlth-}
  1752 | D        | Noticed a nagaraja
  1752 | D        | Noticed a stone giant
  1754 | D        | Noticed a shadow dragon
  1760 | D        | Killed a nagaraja
  1760 | D        | Killed a stone giant
  1762 | D        | Received a gift from Yredelemnul (a flayed ghost)
  1766 | D        | Killed a shadow dragon
  1769 | D        | Received a gift from Yredelemnul (a skeletal warrior)
  1770 | D        | Reached skill level 18 in Unarmed Combat
  1894 | D        | Noticed Nergalle
  1910 | D        | Killed Nergalle
  1910 | D        | Reached skill level 1 in Armour
  1910 | D        | Received a gift from Yredelemnul (a vampire)
  1917 | D        | Received a gift from Yredelemnul (a phantasmal warrior)
  1917 | D        | Noticed an eidolon
  1921 | D        | Received a gift from Yredelemnul (a ghoul)
  1924 | D        | Received a gift from Yredelemnul (a flayed ghost)
  1925 | D        | Noticed a war gargoyle
  1928 | D        | Killed an eidolon
  1933 | D        | Killed a ghost moth
  1933 | D        | Received a gift from Yredelemnul (a ghoul)
  1937 | D        | Killed a war gargoyle
  1937 | D        | Received a gift from Yredelemnul (a skeletal warrior)
  1943 | D        | Received a gift from Yredelemnul (a phantasmal warrior)
  1946 | D        | Identified the +2 leather armour "Ykeadidy" {Regen+ Int+3
                  | Dex+4}
  1947 | D        | Your ally Nergalle died
  1948 | D        | Received a gift from Yredelemnul (a ghoul)
  1959 | D        | Reached skill level 5 in Armour
  1959 | D        | Received a gift from Yredelemnul (a vampire)
  1972 | D        | Received a gift from Yredelemnul (a skeletal warrior)
  2040 | D        | Noticed a merfolk javelineer
  2042 | D        | Noticed an emperor scorpion
  2053 | D        | Received a gift from Yredelemnul (a skeletal warrior)
  2056 | D        | Killed an emperor scorpion
  2057 | D        | Received a gift from Yredelemnul (a vampire knight)
  2058 | D        | Received a gift from Yredelemnul (a skeletal warrior)
  2059 | D        | Killed a merfolk javelineer
  2059 | D        | Reached skill level 19 in Unarmed Combat
  2061 | D        | Received a gift from Yredelemnul (a vampire)
  2061 | D        | Received a gift from Yredelemnul (a phantasmal warrior)
  2164 | D        | Noticed Polyphemus
  2168 | D        | Noticed a shadow dragon
  2168 | D        | Noticed an ophan
  2168 | D        | Noticed a nagaraja
  2168 | D        | Noticed a death cob
  2177 | D        | Reached XP level 14. HP: 140/163 MP: 24/24
  2184 | D        | Killed a spriggan defender
  2185 | D        | Killed a nagaraja
  2186 | D        | Killed a death cob
  2190 | D        | Received a gift from Yredelemnul (a vampire knight)
  2192 | D        | Killed Polyphemus
  2192 | D        | Noticed an ophan
  2193 | D        | Received a gift from Yredelemnul (a vampire)
  2195 | D        | Killed a shadow dragon
  2199 | D        | Killed an ophan
  2200 | D        | Received a gift from Yredelemnul (a ghoul)
  2203 | D        | Received a gift from Yredelemnul (a phantasmal warrior)
  2204 | D        | Noticed an acid blob
  2215 | D        | Noticed a fire giant
  2216 | D        | Killed an ophan
  2216 | D        | Received a gift from Yredelemnul (a vampire knight)
  2218 | D        | Killed a ghost moth
  2218 | D        | Killed a fire giant
  2219 | D        | Killed an acid blob
  2223 | D        | Received a gift from Yredelemnul (a skeletal warrior)
  2242 | D        | Noticed a ghoul
  2243 | D        | Noticed a ghoul
  2244 | D        | Noticed an apis
  2244 | D        | Noticed a ghoul
  2250 | D        | Killed a ghoul
  2251 | D        | Received a gift from Yredelemnul (a flayed ghost)
  2254 | D        | Killed a ghoul
  2257 | D        | Killed a ghoul
  2259 | D        | Reached skill level 20 in Unarmed Combat
  2259 | D        | Killed an apis
  2260 | D        | Received a gift from Yredelemnul (a phantasmal warrior)
  2260 | D        | Received a gift from Yredelemnul (a flayed ghost)
  2260 | D        | Received a gift from Yredelemnul (a phantasmal warrior)
  2260 | D        | Received a gift from Yredelemnul (a bone dragon)
  2264 | D        | Noticed a bone dragon
  2267 | D        | Noticed a frost giant
  2267 | D        | Noticed a black draconian scorcher
  2272 | D        | Killed a bone dragon
  2273 | D        | Received a gift from Yredelemnul (a phantasmal warrior)
  2273 | D        | Received a gift from Yredelemnul (a skeletal warrior)
  2273 | D        | Received a gift from Yredelemnul (a ghoul)
  2274 | D        | Killed a frost giant
  2277 | D        | Killed a black draconian scorcher
  2278 | D        | Received a gift from Yredelemnul (a phantasmal warrior)
  2328 | D        | Got the amulet "Mearphes" {Reflect Str+4 SH+5}
  2359 | D        | Found the +0 sword of Power
  2561 | D        | Noticed a golden dragon
  2565 | D        | Found the +7 great mace "Firestarter" {inner flame, rF++}
  2566 | D        | Reached skill level 10 in Armour
  2567 | D        | Received a gift from Yredelemnul (a flayed ghost)
  2591 | D        | Killed a golden dragon
  2596 | D        | Received a gift from Yredelemnul (a profane servitor)
  2615 | D        | Received a gift from Yredelemnul (a profane servitor)
  2634 | D        | Received a gift from Yredelemnul (a vampire knight)
  2639 | D        | Received a gift from Yredelemnul (a vampire)
  2643 | D        | Reached skill level 21 in Unarmed Combat
  2654 | D        | Reached XP level 15. HP: 160/176 MP: 25/25
  2655 | D        | Received a gift from Yredelemnul (a ghoul)
  2660 | D        | Received a gift from Yredelemnul (a bone dragon)
  2722 | D        | Got the ring "Mirepsei" {+Fly rN+ Str+4 Int+3}
  2795 | D        | Noticed a titan
  2798 | D        | Killed a titan
  2798 | D        | Received a gift from Yredelemnul (a skeletal warrior)
  2803 | D        | Noticed a shadow dragon
  2811 | D        | Killed a shadow dragon
  2818 | D        | Noticed an orc warlord
  2831 | D        | Killed an orc warlord
  2834 | D        | Received a gift from Yredelemnul (a skeletal warrior)
  2848 | D        | Noticed a curse toe
  2848 | D        | Identified the +4 staff of Dispater
  2848 | D        | Noticed Dispater
  2860 | D        | Killed a curse toe
  2861 | D        | Received a gift from Yredelemnul (a ghoul)
  2879 | D        | Noticed an Executioner
  2881 | D        | Noticed a Hell Sentinel
  2882 | D        | Noticed an acid blob
  2892 | D        | Killed an acid blob
  2903 | D        | Killed Dispater
  2903 | D        | Reached skill level 22 in Unarmed Combat
  2910 | D        | Noticed a greater mummy
  2910 | D        | Noticed Khufu
  2911 | D        | Noticed a greater mummy
  2917 | D        | Received a gift from Yredelemnul (a phantasmal warrior)
  2921 | D        | Your ally Duvessa died
  2988 | D        | Killed a deep elf blademaster
  2989 | D        | Received a gift from Yredelemnul (a bone dragon)
  2990 | D        | Killed the 27-headed Lernaean hydra
  2991 | D        | Received a gift from Yredelemnul (a skeletal warrior)
  2991 | D        | Killed a greater mummy
  3002 | D        | Received a gift from Yredelemnul (a phantasmal warrior)
  3002 | D        | Received a gift from Yredelemnul (a ghoul)
  3022 | D        | Killed a greater mummy
  3027 | D        | Received a gift from Yredelemnul (a vampire)
  3036 | D        | Killed Khufu
  3036 | D        | Received a gift from Yredelemnul (a phantasmal warrior)
  3143 | D        | Received a gift from Yredelemnul (a phantasmal warrior)
  3143 | D        | Received a gift from Yredelemnul (a phantasmal warrior)
  3143 | D        | Received a gift from Yredelemnul (a vampire knight)
  3143 | D        | Received a gift from Yredelemnul (a profane servitor)
  3165 | D        | Noticed a tentacled monstrosity
  3166 | D        | Noticed a bone dragon
  3167 | D        | Noticed a quicksilver dragon
  3175 | D        | Killed a tentacled monstrosity
  3179 | D        | Killed a bone dragon
  3180 | D        | Noticed Louise
  3181 | D        | Noticed a golden dragon
  3183 | D        | Killed a quicksilver dragon
  3183 | D        | Reached skill level 23 in Unarmed Combat
  3184 | D        | Noticed a sphinx
  3189 | D        | Paralysed by a sphinx for 5 turns
  3191 | D        | Received a gift from Yredelemnul (a profane servitor)
  3192 | D        | Noticed a Brimstone Fiend
  3194 | D        | Received a gift from Yredelemnul (a skeletal warrior)
  3194 | D        | Noticed an Ice Fiend
  3195 | D        | HP: 4/183 [sphinx/divine providence (11)]
  3195 | D        | Reached XP level 16. HP: 4/192 MP: 24/26
  3195 | D        | HP: 1/192 [Louise/+3 trident of distortion (3)]
  3195 | D        | Slain by a ghoul

Skill      XL: |  1  2  3  4  5  6  7  8  9 10 11 12 13 14 15 |
---------------+----------------------------------------------+-----
Fighting       | 4 5 6 7 8 9 10 12 13 14 16 18 20 | 20.1
Dodging        | 5 6 7 8 9 10 12 13 14 16 18 20 | 20.1
Unarmed Combat | 6 8 9 10 11 12 13 15 17 19 21 23 | 23.1
Invocations    | 3 5 7 9 10 12 14 15 | 15.3
Armour         | 6 11 14 | 14.5
Stealth        | |  1.0

Action                   |  1- 3 |  4- 6 |  7- 9 | 10-12 | 13-15 | 16-18 || total
-------------------------+-------+-------+-------+-------+-------+-------++-------
Melee: Unarmed           |     3 |    33 |    40 |    35 |   148 |       ||   259
       Punch             |       |     1 |     1 |     6 |    18 |       ||    26
       Peck              |       |       |     2 |    10 |    50 |       ||    62
Invok: Animate Remains   |       |     1 |       |       |       |       ||     1
       Animate Dead      |       |     1 |     5 |    17 |    25 |       ||    48
  Use: Potion            |       |       |     2 |     2 |     6 |       ||    10
       Scroll            |       |       |       |       |     3 |       ||     3
 Stab: Sleeping          |       |     2 |       |       |       |       ||     2
       Distracted        |       |       |       |     1 |     2 |       ||     3
  Eat: Chunk             |       |       |    12 |       |       |       ||    12
       Ration            |       |       |     1 |     3 |     6 |       ||    10
Armor: Robe              |       |     4 |     4 |       |       |       ||     8
       Troll leather arm |       |       |     2 |    12 |       |       ||    14
       Shadow dragon sca |       |       |       |       |    57 |       ||    57
       Gold dragon scale |       |       |       |       |    79 |     1 ||    80
Dodge: Dodged            |       |    19 |    29 |    42 |   128 |       ||   218
Block: Other             |       |       |       |       |    21 |       ||    21
